 Dungeon Crawl Stone Soup version 0.21.3-3-g218456f21e (webtiles) character file.

506 Katsumi the Charlatan (level 7, -1/49 HPs)
             Began as an Octopode Fighter on June 20, 2023.
             Slain by an orc
             ... wielding a +2 mace of protection
              (6 damage)
             ... on level 4 of the Dungeon.
             The game lasted 00:18:19 (3599 turns).

Katsumi the Charlatan (Octopode Fighter)            Turns: 3599, Time: 00:18:20

Health: -1/49      AC:  1    Str: 18    XL:     7   Next: 18%
Magic:  10/10      EV: 11    Int: 10    God:
Gold:   174        SH:  9    Dex: 11    Spells: 6/6 levels left

rFire    . . .     SeeInvis .     - Unarmed
rCold    . . .     Gourm    .   a - +0 shield
rNeg     . . .     Faith    .   (helmet restricted)
rPois    .         Spirit   .   (no amulet)
rElec    .         Reflect  .   q - ring of stealth
rCorr    .         Harm     .   (no ring)
MR       .....                  (no ring)
Stlth    ++++......             (no ring)
HPRegen  0.16/turn              (no ring)
MPRegen  0.12/turn              (no ring)
                                (no ring)
                                (no ring)

@: no status effects
A: almost no armour, stealthy swim, amphibious, 8 rings, constrict 8, camouflage
1, gelatinous body 1
a: no special abilities


You were on level 4 of the Dungeon.
You were not hungry.

You visited 1 branch of the dungeon, and saw 4 of its levels.

You collected 174 gold pieces.

Inventory:

Missiles
 h - 78 stones (quivered)
Armour
 a - a +0 shield (worn)
Jewellery
 q - a ring of stealth (left tentacle)
Wands
 f - a wand of iceblast (2)
Scrolls
 d - 2 scrolls of blinking {unknown}
 e - 5 scrolls of remove curse {unknown}
 g - 8 scrolls of identify {unknown}
 j - a scroll of fear {unknown}
 k - a scroll of enchant weapon {unknown}
 o - a scroll of immolation {unknown}
Potions
 b - a potion of might
 l - a potion of mutation {unknown}
 m - a potion of lignification {unknown}
 n - a potion of degeneration {unknown}
Comestibles
 c - 7 rations
 p - a chunk of flesh


   Skills:
 * Level 4.3 Fighting
 - Level 3.0 Dodging
 - Level 4.0 Stealth
 - Level 3.0 Shields
 * Level 4.3 Unarmed Combat
 + Level 4.5 Evocations


You had 6 spell levels left.
You didn't know any spells.

Dungeon Overview and Level Annotations

Branches:
Dungeon (4/15)
 Temple: D:4-7

Altars:
Elyvilon
Fedhas


Innate Abilities, Weirdness & Mutations

You cannot wear most types of armour.
You are very stealthy in the water. (Stealth+)
You are amphibious.
You can wear up to eight rings at the same time.
You can use your tentacles to constrict eight enemies at once.
Your skin changes colour to match your surroundings (Stealth+).
Your rubbery body absorbs attacks. (AC +1, EV +1)


Message History

Okay, then.
Unknown command.
Evoke which item? (* to show all) (? for menu, Esc to quit)
Okay, then.
Unknown command.
Unknown command.
Unknown command.
Unknown command.
Unknown command.
Unknown command.
Press: ? - help, v - describe, . - travel The floor.
Unknown command.
Unknown command.
Unknown command.
An orc comes into view. It is wielding a flail of venom.
There is an open door here.
You see here a giant club.
The orc hits you with a mace of protection.
You die...

#.#.........###....
#.#.........#
#.#.........#
#.######.#### #.#
.# #.# # #.#
#o###### #.@....#
######.# #.# #.#
#.# #.# #.# #.# #.#


You could see an orc.

Vanquished Creatures
  An ogre (D:4)
  A phantom (D:4)
  An orc priest (D:4)
  3 orc wizards
  2 worker ants
  3 gnolls (D:4)
  8 adders
  2 worms
  2 dart slugs
  5 leopard geckos
  9 orcs
  5 giant cockroaches
  5 hobgoblins
  3 quokkas
  A ball python (D:4)
  4 bats
  7 frilled lizards
  4 goblins
  3 kobolds
  6 rats
75 creatures vanquished.

Notes
Turn   | Place    | Note
-------+----------+-------------------------------------------
     0 | D:1      | Katsumi the Octopode Fighter began the quest for the Orb.
     0 | D:1      | Reached XP level 1. HP: 16/16 MP: 1/1
    45 | D:1      | Reached skill level 1 in Stealth
   317 | D:1      | Reached XP level 2. HP: 21/21 MP: 2/2
   814 | D:2      | Found a faded altar of an unknown god.
   867 | D:2      | Reached XP level 3. HP: 26/26 MP: 3/3
  1117 | D:2      | Reached XP level 4. HP: 28/31 MP: 4/4
  1769 | D:3      | Reached XP level 5. HP: 15/36 MP: 5/5
  2078 | D:3      | Reached skill level 1 in Evocations
  2642 | D:3      | Reached XP level 6. HP: 37/42 MP: 8/8
  3105 | D:4      | Noticed a phantom
  3136 | D:4      | Killed a phantom
  3553 | D:4      | Reached XP level 7. HP: 31/48 MP: 10/10
  3554 | D:4      | Found a white marble altar of Elyvilon.
  3554 | D:4      | Found a blossoming altar of Fedhas.
  3569 | D:4      | HP: 1/48 [orc/mace of protection (4)]
  3599 | D:4      | Slain by an orc

Skill      XL: |  1  2  3  4  5  6 |
---------------+-------------------+-----
Stealth        | 2 4 |  4.0
Unarmed Combat | 3 4 |  4.3
Evocations     | 3 4 |  4.5
Fighting       | 4 |  4.3
Dodging        | |  3.0
Shields        | |  3.0

Action                   |  1- 3 |  4- 6 |  7- 9 || total
-------------------------+-------+-------+-------++-------
Melee: Unarmed           |    61 |   113 |     6 ||   180
       Constrict         |    17 |    29 |     1 ||    47
       Tentacles         |    12 |    29 |       ||    41
       Punch             |       |     2 |       ||     2
Evoke: Wand              |       |     2 |     3 ||     5
  Use: Potion            |       |     3 |     1 ||     4
 Stab: Sleeping          |     5 |     8 |       ||    13
  Eat: Chunk             |     1 |     7 |       ||     8
Armor: Skin              |     6 |     6 |       ||    12
Dodge: Dodged            |    19 |    37 |     2 ||    58
Block: Shield            |    18 |    42 |     1 ||    61
